Map: Rhoskallian LE

Players

KipikK - Winner!

  • Race: Terran Terran
  • Spawn Location: 5:00

Claudy - Winner!

  • Race: Terran Terran
  • League: Diamond
  • Spawn Location: 6:00

qqq

  • Race: Zerg Zerg
  • Spawn Location: 11:00

Massa

  • Race: Terran Terran
  • League: Platinum
  • Spawn Location: 12:00

VOD

Have the link to the VOD?

Description

Time

  • Played on: Feb. 18, 2021, 3:49 p.m.
  • Length: 13:48
Show
View Real Time Build Order
Export as new Build Order

KipikK Terran - Winner!

Build Orders: 2 Factory, Cyclone Opening 

Get SALT Encoding   

  12  0:00  SCV  
  13  0:12  SCV  
  14  0:18  Supply Depot  
  14  0:25  SCV  
  15  0:39  SCV  
  15  0:41  Barracks  
  16  0:51  SCV  
  17  0:57  Refinery  
  17  0:58  Refinery  
  17  1:03  SCV  
  18  1:16  SCV  
  19  1:28  SCV  
  20  1:33  Reaper  
  21  1:40  Orbital Command  
  21  1:57  Factory  
  21  2:00  Supply Depot  
  21  2:10  Barracks Tech Lab  
  21  2:11  SCV  
  22  2:30  SCV  
  23  2:40  Command Center  
  23  2:43  SCV  
  24  2:54  Cyclone  
  24  2:57  Barracks Reactor  
  27  2:58  SCV  
  27  3:00  Factory  
  28  3:10  SCV  
  29  3:23  SCV  
  30  3:35  SCV  
  31  3:51  SCV, Cyclone  
  31  3:53  Hellion  
  31  3:55  Refinery, Command Center  
  34  4:32  Orbital Command  
  34  4:50  Hellion x2  
  38  4:54  Cyclone  
  38  4:56  SCV  
  42  5:07  Infernal Pre-Igniter  
  42  5:10  SCV  
  42  5:12  Hellion  
  45  5:19  Command Center  
  45  5:26  SCV  
  46  5:32  Supply Depot  
  46  5:35  SCV  
  46  5:36  Cyclone  
  46  5:38  SCV  
  51  5:43  Refinery  
  51  5:48  SCV  
  51  5:49  Hellion  
  54  5:54  SCV, Hellion  
  57  6:00  SCV  
  57  6:03  Armory  
  58  6:06  SCV, Supply Depot  
  59  6:12  SCV, Supply Depot  
  61  6:18  SCV  
  61  6:24  SCV  
  62  6:28  Cyclone, Hellion  
  62  6:30  SCV  
  68  6:42  SCV x2  
  68  6:54  SCV  
  68  6:59  SCV  
  68  7:00  Orbital Command  
  68  7:03  Hellion x2, Thor  
  68  7:04  Engineering Bay  
  68  7:05  Terran Vehicle Weapons Level 1  
  68  7:06  SCV  
  79  7:11  SCV  
  78  7:19  SCV  
  79  7:23  SCV  
  79  7:28  SCV  
  81  7:31  SCV  
  81  7:32  Hellion x2  
  81  7:33  Factory  
  81  7:35  SCV  
  81  7:36  Missile Turret  
  87  7:38  Missile Turret  
  87  7:40  SCV, Missile Turret  
  87  7:43  SCV  
  89  7:47  SCV  
  89  7:48  Missile Turret  
  90  7:51  Factory  
  90  7:53  SCV  
  90  7:55  SCV  
  92  7:59  SCV  
  92  8:02  Refinery  
  93  8:07  Supply Depot  
  93  8:10  Refinery  
  93  8:16  Missile Turret  
  93  8:18  SCV  
  93  8:19  Widow Mine  
  93  8:21  SCV x2  
  92  8:29  Hellion x2  
  92  8:31  SCV  
  92  8:33  SCV  
  94  8:40  SCV, Siege Tank  
  98  8:43  SCV  
  98  8:45  SCV  
  98  8:47  Factory Tech Lab  
  100  8:49  Factory Tech Lab  
  100  8:54  SCV  
  100  8:55  Supply Depot  
  101  9:00  Supply Depot  
  100  9:07  SCV  
  101  9:16  SCV, Siege Tank  
  101  9:17  Hellion x2  
  109  9:19  Supply Depot  
  109  9:21  SCV x2, Command Center  
  111  9:28  SCV  
  111  9:30  Starport  
  112  9:34  Starport  
  112  9:36  Terran Vehicle Weapons Level 2  
  112  9:37  Supply Depot  
  112  9:38  Hellion x2  
  116  9:40  Thor  
  122  9:48  Siege Tank  
  125  9:58  SCV x3  
  128  10:03  Thor  
  121  10:10  SCV x2  
  121  10:11  SCV  
  121  10:15  Hellion  
  121  10:16  Hellion  
  121  10:18  Supply Depot  
  123  10:21  Supply Depot x2  
  123  10:22  SCV x2, Starport Reactor x2  
  123  10:23  SCV  
  126  10:34  SCV  
  127  10:37  Refinery, Hellion x2  
  127  10:38  Missile Turret  
  131  10:43  Refinery  
  116  10:58  SCV  
  116  11:01  Siege Tank x2  
  116  11:02  Thor  
  116  11:03  Hellion  
  116  11:04  Hellion  
  133  11:05  SCV x2  
  133  11:06  Viking x4  
  143  11:16  Hellion x2  
  143  11:22  SCV  
  143  11:25  Hellion  
  146  11:27  Missile Turret  
  146  11:28  Hellion  
  146  11:30  SCV x2, Missile Turret  
  148  11:33  Thor, Siege Tank  
  148  11:36  Viking  
  159  11:44  Supply Depot  
  159  11:45  Planetary Fortress  
  159  11:46  Hellion, Supply Depot  
  161  11:47  SCV  
  161  11:52  SCV, Hellion x2  
  161  11:53  Command Center  
  167  11:55  Viking x2  
  171  12:06  Viking x2, Siege Tank  
  171  12:07  Thor  
  182  12:09  SCV x2  
  180  12:36  SCV  
  180  12:37  Viking x3  
  183  12:39  SCV  
  183  12:40  Viking  
  188  12:52  SCV x2  
  188  13:04  SCV  
  189  13:07  Viking  
  189  13:09  SCV x2  
  193  13:21  SCV x3  
  193  13:22  Orbital Command  
  193  13:24  SCV  
  193  13:25  Command Center  
Show
View Real Time Build Order
Export as new Build Order

Claudy Terran - Winner!

Build Orders: Liberator Opening, Mech 

Get SALT Encoding   

  12  0:00  SCV  
  13  0:12  SCV  
  14  0:19  Supply Depot  
  14  0:24  SCV  
  15  0:40  SCV  
  15  0:41  Barracks  
  16  0:47  Refinery  
  16  0:53  SCV  
  16  0:54  Refinery  
  17  1:05  SCV  
  18  1:17  SCV  
  19  1:29  Orbital Command  
  19  1:38  Factory  
  20  1:54  Reaper  
  20  1:55  SCV  
  21  2:07  SCV  
  22  2:21  SCV  
  22  2:22  Factory Tech Lab, Command Center  
  23  2:27  Supply Depot  
  23  2:42  Starport  
  23  2:48  SCV, Siege Tank  
  27  3:00  SCV  
  28  3:20  Liberator, Supply Depot  
  31  3:34  Orbital Command  
  31  3:35  Refinery  
  34  3:41  Siege Tank  
  34  3:42  Supply Depot  
  34  3:43  Refinery  
  34  3:45  SCV  
  35  4:09  Liberator  
  35  4:12  SCV x2  
  40  4:24  SCV  
  40  4:32  SCV  
  40  4:36  SCV  
  40  4:37  Factory  
  42  4:40  Factory  
  42  4:44  SCV  
  43  4:46  Siege Tank  
  43  4:48  SCV  
  44  4:59  SCV  
  45  5:03  SCV  
  45  5:05  Viking  
  48  5:11  SCV, Command Center  
  49  5:15  SCV  
  47  5:24  SCV  
  47  5:27  SCV  
  49  5:34  Factory Tech Lab  
  49  5:35  Factory Tech Lab  
  49  5:36  SCV  
  49  5:39  SCV, Engineering Bay  
  51  5:48  SCV  
  52  5:51  SCV  
  52  5:54  Widow Mine x2  
  52  5:55  Widow Mine  
  59  6:00  SCV  
  59  6:03  SCV  
  58  6:12  SCV  
  58  6:15  Missile Turret, Siege Tank  
  58  6:17  Missile Turret  
  62  6:19  Missile Turret  
  62  6:29  Supply Depot  
  62  6:30  Supply Depot  
  62  6:39  SCV, Siege Tank x2  
  69  6:40  Orbital Command  
  69  6:55  Siege Tank  
  69  6:58  Armory  
  72  7:03  SCV  
  72  7:04  SCV  
  71  7:11  Hellion  
  71  7:12  Siege Tank  
  71  7:14  SCV  
  77  7:15  SCV  
  77  7:20  SCV  
  77  7:22  Viking  
  81  7:26  Supply Depot  
  81  7:29  Supply Depot  
  81  7:32  Siege Tank x2  
  87  7:39  Orbital Command  
  87  7:46  Armory  
  87  7:59  Missile Turret  
  87  8:00  Missile Turret x2  
  87  8:02  Thor  
  87  8:04  Siege Tank  
  87  8:05  Siege Tank  
  97  8:08  SCV  
  97  8:12  Missile Turret  
  95  8:14  Missile Turret  
  93  8:24  Supply Depot  
  93  8:25  Terran Vehicle Weapons Level 1  
  90  8:29  SCV x2  
  90  8:32  Refinery x2, SCV  
  93  8:36  Thor  
  93  8:39  Thor  
  93  8:41  SCV  
  106  8:43  Supply Depot  
  106  8:44  SCV x2, Supply Depot  
  106  8:46  Hellion  
  110  8:53  SCV  
  111  8:56  SCV  
  111  8:59  Missile Turret  
  111  9:01  Missile Turret  
  112  9:05  SCV  
  112  9:07  Hellion  
  115  9:10  Infernal Pre-Igniter  
  115  9:16  Supply Depot x2  
  115  9:18  SCV  
  115  9:19  Thor  
  115  9:22  Hellion  
  124  9:27  Command Center  
  124  9:28  Hellion  
  126  9:31  Liberator  
  126  9:33  SCV  
  128  10:00  Command Center  
  128  10:04  SCV  
  128  10:05  SCV  
  116  10:14  Liberator  
  116  10:18  Hellion, Siege Tank  
  114  10:29  Siege Tank  
  114  10:40  Hellion  
  116  10:50  Siege Tank  
  108  11:01  Siege Tank  
  108  11:04  Thor  
  111  11:06  SCV  
  111  11:07  SCV  
  111  11:09  Refinery  
  119  11:21  Viking  
  119  11:22  Siege Tank  
  124  11:33  Hellion  
  126  11:47  Thor  
  132  11:54  SCV, Hellion, Siege Tank  
  124  12:06  Command Center  
  118  12:16  Siege Tank  
  118  12:20  SCV  
  118  12:21  Missile Turret  
  118  12:22  SCV, Missile Turret x2  
  117  12:25  Starport x2  
  117  12:26  Starport, Hellion  
  117  12:28  Supply Depot  
  109  12:30  Siege Tank  
  109  12:34  SCV  
  107  12:38  Missile Turret  
  107  12:48  Hellion, Siege Tank  
  112  12:58  Viking  
  108  13:08  Viking x3  
  108  13:10  Siege Tank x2  
  120  13:18  Missile Turret  
  120  13:24  Refinery  
  117  13:28  Refinery  
  119  13:43  Missile Turret  
  119  13:45  Missile Turret  
Show
View Real Time Build Order
Export as new Build Order

qqq Zerg 

Build Orders: Hatch First 

Get SALT Encoding   

  12  0:00  Drone  
  13  0:11  Drone  
  14  0:18  Overlord  
  14  0:50  Hatchery  
  14  0:54  Drone  
  14  0:55  Drone  
  15  0:59  Drone  
  16  1:18  Spawning Pool  
  15  1:20  Extractor  
  14  1:33  Drone x3  
  17  1:45  Drone  
  18  1:55  Drone  
  19  2:03  Drone  
  19  2:05  Queen  
  22  2:11  Queen  
  22  2:14  Drone  
  25  2:18  Extractor  
  25  2:22  Metabolic Boost  
  24  2:30  Overlord  
  24  2:33  Drone  
  24  2:36  Drone  
  26  2:40  Zergling x2  
  26  2:43  Zergling x2  
  28  2:51  Drone x2  
  30  2:55  Zergling x2  
  31  3:00  Zergling x2  
  31  3:04  Drone  
  33  3:10  Zergling x2  
  33  3:11  Zergling x2  
  35  3:17  Zergling x2  
  36  3:26  Overlord  
  36  3:32  Overlord  
  36  3:40  Overlord  
  36  3:42  Hatchery  
  36  3:43  Zergling x2  
  36  3:45  Drone  
  37  3:52  Zergling x4  
  37  3:53  Zergling x4  
  39  4:10  Zergling x2  
  37  4:17  Drone  
  37  4:18  Drone x2, Zergling x2  
  37  4:19  Zergling x6  
  43  4:27  Zergling x2  
  42  4:42  Zergling x2  
  42  4:43  Zergling x6  
  42  4:44  Zergling x2  
  42  4:51  Zergling x2  
  42  4:52  Zergling x2  
  42  4:57  Lair  
  42  4:58  Drone  
  42  4:59  Drone  
  44  5:00  Drone  
  44  5:03  Queen  
  42  5:21  Zergling x4  
  42  5:28  Drone x4  
  45  5:29  Drone  
  45  5:33  Extractor  
  47  5:35  Extractor  
  47  5:42  Spine Crawler  
  44  5:46  Drone  
  44  5:47  Drone x4  
  47  6:01  Drone  
  47  6:02  Drone x2  
  46  6:14  Spire  
  46  6:15  Drone x7, Extractor  
  46  6:16  Drone x3  
  46  6:17  Drone  
  55  6:22  Drone x2  
  57  6:32  Overlord x2  
  57  6:33  Drone x2  
  48  7:00  Drone x2  
  50  7:04  Drone x6  
  54  7:10  Drone x2  
  56  7:28  Mutalisk x6  
  68  7:31  Mutalisk  
  68  7:37  Spore Crawler  
  69  7:41  Mutalisk x3  
  69  7:42  Spore Crawler  
  69  7:43  Spore Crawler  
  73  7:58  Mutalisk  
  75  8:07  Hatchery  
  75  8:08  Mutalisk  
  75  8:11  Overlord x3  
  62  8:31  Infestation Pit  
  62  8:33  Mutalisk x3  
  63  8:51  Mutalisk x2  
  63  8:53  Hatchery, Zergling x4, Overlord x3  
  68  9:08  Hive  
  68  9:16  Overseer x2  
  68  9:25  Pneumatized Carapace  
  68  9:28  Drone  
  68  9:29  Queen  
  71  9:36  Corruptor  
  73  10:05  Corruptor x3  
  73  10:23  Drone x4, Greater Spire  
  73  10:24  Drone  
  78  10:32  Corruptor  
  78  10:33  Corruptor  
  78  10:34  Drone  
  79  10:38  Queen  
  81  10:44  Zergling x6, Corruptor  
  81  10:46  Drone x3  
  89  11:00  Hatchery  
  86  11:10  Spire  
  83  11:14  Drone x5  
  83  11:15  Drone x2  
  92  11:24  Drone  
  91  11:26  Spine Crawler  
  91  11:27  Spine Crawler  
  91  11:28  Spine Crawler  
  91  11:30  Drone  
  86  11:35  Extractor  
  86  11:36  Extractor  
  86  11:39  Brood Lord x2  
  88  11:41  Brood Lord  
  88  11:42  Drone  
  91  11:50  Corruptor  
  90  12:00  Drone  
  90  12:01  Drone  
  92  12:10  Drone x3  
  92  12:13  Corruptor  
  91  12:31  Corruptor x2  
  89  12:43  Corruptor  
  89  13:03  Corruptor x2  
  89  13:05  Drone x5  
  94  13:06  Zergling x8  
  94  13:07  Zergling x6  
  101  13:13  Drone, Spore Crawler  
  101  13:19  Brood Lord, Corruptor x2  
Show
View Real Time Build Order
Export as new Build Order

Massa Terran 

Build Orders:  

Get SALT Encoding   

  12  0:00  SCV  
  13  0:12  SCV  
  14  0:22  Supply Depot  
  14  0:24  SCV  
  15  0:44  SCV  
  15  0:45  Barracks  
  16  0:52  Refinery  
  16  0:56  SCV  
  17  1:08  SCV  
  18  1:12  Supply Depot  
  18  1:20  SCV  
  19  1:32  SCV  
  20  1:34  Marine  
  20  1:38  Supply Depot  
  21  1:44  Orbital Command  
  21  2:10  Command Center  
  21  2:13  SCV  
  22  2:29  Factory  
  22  2:33  Reaper  
  22  2:34  SCV  
  24  2:48  SCV  
  22  3:08  Reaper  
  22  3:22  SCV  
  23  3:38  SCV  
  24  3:47  Barracks  
  24  3:49  Refinery, Barracks  
  24  3:50  Command Center  
  24  3:51  Factory Tech Lab  
  24  3:58  Barracks Tech Lab, Orbital Command  
  24  4:02  Supply Depot  
  24  4:16  SCV  
  25  4:18  Stimpack  
  25  4:19  Siege Tank  
  25  4:23  Barracks  
  28  4:28  SCV  
  27  4:36  Marine  
  27  4:37  Marine  
  30  4:39  Barracks Reactor  
  30  4:40  SCV  
  30  4:41  SCV  
  31  4:52  SCV  
  32  4:53  Engineering Bay  
  32  4:54  SCV  
  32  4:56  Supply Depot  
  33  5:04  SCV  
  33  5:06  Reaper x2  
  36  5:08  SCV x2  
  36  5:12  Refinery  
  38  5:16  Starport, SCV  
  39  5:21  Barracks Tech Lab  
  39  5:23  SCV x2  
  39  5:47  Barracks Tech Lab  
  38  5:50  SCV x3  
  41  6:00  Missile Turret  
  41  6:01  Missile Turret  
  41  6:02  SCV, Marine x3  
  44  6:20  Missile Turret  
  40  6:38  Terran Infantry Weapons Level 1  
  40  6:43  Missile Turret  
  40  6:46  Marine  
  40  6:47  Marauder x2, Marine  
  46  6:58  SCV  
  46  6:59  SCV  
  48  7:01  SCV  
  48  7:08  Marauder  
  51  7:10  SCV  
  51  7:11  SCV, Starport Tech Lab  
  51  7:12  Refinery  
  51  7:14  Marauder  
  55  7:18  Combat Shield  
  55  7:20  Concussive Shells  
  55  7:25  SCV x2  
  55  7:29  Marauder  
  59  7:37  SCV x2  
  59  7:38  Marauder, Marine x2  
  59  7:41  Siege Tank  
  68  7:51  Marauder  
  70  7:56  Marine  
  70  8:06  Marauder, Marine  
  70  8:12  Marauder  
  75  8:13  Siege Tank  
  75  8:14  Marine  
  78  8:23  Marine  
  79  8:27  Marauder  
  79  8:32  Marine  
  79  8:34  Marauder  
  84  8:37  Planetary Fortress  
  84  8:38  SCV  
  85  8:45  Supply Depot  
  85  8:47  Supply Depot x2  
  85  8:48  Armory, Supply Depot  
  85  8:54  Barracks  
  85  9:07  SCV x2, Marauder, Marine  
  90  9:11  Marauder  
  90  9:12  Marine  
  93  9:19  SCV x2  
  95  9:24  Marine  
  95  9:25  Siege Tank  
  95  9:28  Medivac  
  95  9:29  Marauder, Marine  
  104  9:32  Marauder  
  104  9:36  SCV x3  
  104  9:37  Barracks  
  109  9:41  Barracks, Missile Turret  
  109  9:44  Missile Turret  
  109  9:48  SCV  
  109  9:50  Marauder  
  112  9:54  Marauder  
  112  9:58  Medivac  
  109  10:11  Marauder  
  108  10:15  Marauder  
  108  10:17  Marine x3  
  95  10:33  Marauder  
  97  10:41  Siege Tank  
  97  10:42  Marauder  
  102  10:43  Barracks Tech Lab, Marine x2  
  102  10:46  Medivac  
  106  10:54  Marauder  
  76  11:00  SCV x3  
  76  11:01  Marine  
  76  11:04  Marauder  
  79  11:09  Barracks Reactor, Barracks Tech Lab  
  79  11:12  SCV x3  
  79  11:13  Siege Tank  
  79  11:15  Marauder x2  
  79  11:16  Marauder, Marine, Medivac  
  94  11:19  Command Center  
  94  11:24  SCV  
  95  11:28  Marauder x2  
  99  11:36  Marauder  
  99  11:37  Marauder  
  103  11:41  SCV x3  
  103  11:43  Refinery  
  103  11:44  Refinery  
  103  11:45  Siege Tank  
  109  11:50  Engineering Bay, Terran Vehicle Weapons Level 1  
  103  12:05  Marauder x4  
  103  12:06  Marauder, Marine  
  114  12:10  Medivac  
  106  12:25  Marine x4  
  106  12:26  Marauder x2  
  106  12:27  Marauder, Marine  
  117  12:31  Marauder  
  117  12:35  Planetary Fortress  
  119  12:40  Medivac  
  119  12:43  Marine x2  
  117  12:59  Marauder x2, Marine x2  
  117  13:00  Marauder, Marine x3  
  128  13:14  Marine  
  128  13:16  Medivac  
  128  13:17  Marine  
  132  13:35  Supply Depot x2  
  132  13:36  Supply Depot  
  132  13:37  Supply Depot x2  
  132  13:39  Supply Depot  
Tags
 
Add a new tag
Caveats
  • Supply blocks, unpowered buildings, or Contaminate may cause inaccurate times.
  • Supply counts are checked every 10 seconds.